 Dungeon Crawl Stone Soup version 0.21.0-26-g889b8f6 (webtiles) character file.

2041 wojtek the Scholar of Death (level 9, -1/67 HPs)
             Began as a Demonspawn Necromancer on Jan 27, 2018.
             Was a Follower of Kikubaaqudgha.
             Slain by Prince Ribbit (12 damage)
             ... on level 7 of the Dungeon.
             The game lasted 00:12:47 (8243 turns).

wojtek the Scholar of Death (DsNe)                  Turns: 8243, Time: 00:12:48

Health: -1/67      AC:  8    Str: 10    XL:     9   Next: 4%
Magic:  12/12      EV: 15    Int: 19    God:    Kikubaaqudgha [*.....]
Gold:   339        SH:  0    Dex: 16    Spells: 11/12 levels left

rFire    . . .     SeeInvis .   y - +2 long sword of Dofyrobuwi {freeze, rElec rC+ Dex+3}
rCold    + . .     Gourm    .   (no shield)
rNeg     . . .     Faith    .   a - +0 robe
rPois    .         Spirit   .   (no helmet)
rElec    +         Reflect  .   j - +0 cloak
rCorr    .         Harm     .   g - +0 pair of gloves
MR       .....                  s - +1 pair of boots
Stlth    ++........             (no amulet)
HPRegen  0.21/turn              (no ring)
MPRegen  0.13/turn              (no ring)

@: no status effects
A: talons 1, molten scales 1, spiny 2
a: Receive Corpses, Renounce Religion


You were on level 7 of the Dungeon.
You worshipped Kikubaaqudgha.
Kikubaaqudgha was aware of your devotion.
You were not hungry.

You visited 2 branches of the dungeon, and saw 8 of its levels.

You collected 339 gold pieces.

Inventory:

Hand Weapons
 k - a +2 mace of crushing
 l - a +1 mace of protection
 o - a +0 dagger of venom
 y - the +2 long sword of Dofyrobuwi (weapon) {freeze, rElec rC+ Dex+3}
   (You found it on level 4 of the Dungeon)

   It has been specially enchanted to freeze those struck by it, causing extra
   injury to most foes and up to half again as much damage against particularly
   susceptible opponents.
   It can also slow down cold-blooded creatures.
   It affects your dexterity (+3).
   It protects you from cold.
   It insulates you from electricity.
Missiles
 m - 16 javelins (quivered)
 v - a throwing net
Armour
 a - a +0 robe (worn)
 g - a +0 pair of gloves (worn)
 j - a +0 cloak (worn)
 s - a +1 pair of boots (worn)
Jewellery
 t - an uncursed ring of positive energy {unknown}
 w - an uncursed amulet of guardian spirit {unknown}
Wands
 F - a wand of random effects (35)
Scrolls
 d - 4 scrolls of teleportation {unknown}
 e - 8 scrolls of identify {unknown}
 i - 7 scrolls of remove curse {unknown}
 p - 2 scrolls of enchant armour {unknown}
 u - 2 scrolls of magic mapping {unknown}
 z - a scroll of blinking {unknown}
 A - 2 scrolls of amnesia {unknown}
 B - a scroll of noise {unknown}
 D - a scroll of immolation {unknown}
 G - a scroll of fear {unknown}
Potions
 f - a potion of flight {unknown}
 h - 2 potions of lignification
 n - 2 potions of curing {unknown}
 q - a potion of degeneration {unknown}
 r - a potion of mutation {unknown}
 x - 3 potions of brilliance {unknown}
Books
 b - a book of Necromancy

   Spells                             Type                      Level
   a - Pain                           Necromancy                   1
   b - Animate Skeleton               Necromancy                   1
   c - Vampiric Draining              Necromancy                   3
   d - Regeneration                   Charms/Necromancy            3
   e - Animate Dead                   Necromancy                   4
   f - Borgnjor's Vile Clutch         Necromancy/Earth             5
 C - Kikubaaqudgha's Grimoire of Sinister Secrets
   (Kikubaaqudgha gifted it to you on level 6 of the Dungeon)

   Spells                             Type                      Level
   a - Animate Skeleton               Necromancy                   1
   b - Pain                           Necromancy                   1
   c - Sublimation of Blood           Necromancy                   2
   d - Regeneration                   Charms/Necromancy            3
Comestibles
 c - 10 rations
 E - 3 chunks of flesh


   Skills:
 + Level 4.8 Fighting
 + Level 4.0 Long Blades
 + Level 4.8 Dodging
 - Level 1.7 Stealth
 - Level 2.0 Spellcasting
 + Level 10.0 Necromancy


You had 11 spell levels left.
You knew the following spells:

 Your Spells              Type           Power        Failure   Level  Hunger
a - Pain                  Necr           ####         1%          1    #......


Dungeon Overview and Level Annotations

Branches:
Dungeon (7/15)             Temple (1/1) D:4

Altars:
Ashenzari
Cheibriados
Dithmenos
Elyvilon
Fedhas
Gozag
Hepliaklqana
Kikubaaqudgha
Makhleb
Nemelex Xobeh
Okawaru
Qazlal
Ru
Sif Muna
Trog
Uskayaw
Vehumet
Wu Jian
Xom
Zin
The Shining One

Shops:
D:4 [(*:   D:5 !%[[

Annotations:
D:2 Terence
D:7 Prince Ribbit


Innate Abilities, Weirdness & Mutations

You have sharp toenails.
You are partially covered in molten scales. (AC +2)
You are mostly covered in sharp spines.


Message History

Prince Ribbit hits you but does no damage.
Some of the chunks of flesh in your inventory have rotted away.
Prince Ribbit is struck by your spines. Prince Ribbit closely misses you.
The howler monkey hoots and howls with incredible vigour!
Prince Ribbit completely misses you.
You riposte.
You hit Prince Ribbit but do no damage.
Prince Ribbit is heavily wounded.
You see here a flail.
There is a stone staircase leading up, spattered with blood here.
You miss Prince Ribbit.
Prince Ribbit is heavily wounded.
Prince Ribbit is struck by your spines. Prince Ribbit hits you.
* * * LOW HITPOINT WARNING * * *
Prince Ribbit is struck by your spines.
Prince Ribbit hits you but does no damage.
You miss Prince Ribbit.
Prince Ribbit is almost dead.
Prince Ribbit hits you!
You die...
Kikubaaqudgha rasps: "You have failed me!
Welcome... death!"

###########.#(a.†...
#...o.o..#.o..(.....
#.######.##o#((.....
#.#...h...#÷#.......
#.#h####..#c#.......
#.#c# #..#÷###.####
#o#h# #h.#h# #.#
#.#F# #c.#F# #..
#.#@# #..#h# ####
#.######..#.####
#......#...)...#
######o#....##.#
#....#.#.......#
#.#o...#.#.#.###
#.######.....#
#o#####.)..###
#...o.#.####


You could see Prince Ribbit, a centaur and 2 howler monkeys.

Vanquished Creatures
  Grinder (D:5)
  A black bear (D:7)
  An orc warrior (D:6)
  2 sky beasts
  The ghost of Nr616 the Slasher, an amateur MiFi (D:3)
  An ogre (D:2)
  A necrophage (D:7)
  2 bullfrogs
  A scorpion (D:5)
  5 wights (D:6)
  A crimson imp (D:5)
  A howler monkey (D:7)
  A centaur zombie (D:7)
  A bullfrog zombie (D:7)
  3 orc wizards
  Crazy Yiuf (D:2)
  2 orc priests (D:7)
  5 hounds
  A bullfrog skeleton (D:2)
  Natasha (thrice) (D:4)
  2 worker ants
  2 hound zombies (D:5)
  5 adders
  2 oozes
  2 adder skeletons
  An adder zombie (D:6)
  4 worms
  3 dart slugs
  2 leopard geckos (D:3)
  20 orcs
  3 giant cockroaches
  6 hobgoblins
  12 jackals
  3 kobolds
  5 quokkas
  A ball python (D:2)
  9 bats
  8 frilled lizards
  A giant cockroach zombie (D:6)
  5 goblins
  A jackal skeleton (D:4)
  2 leopard gecko skeletons (D:4)
  A quokka zombie (D:5)
  6 rats
141 creatures vanquished.

Notes
Turn   | Place    | Note
-------+----------+-------------------------------------------
     0 | D:1      | wojtek the Demonspawn Necromancer began the quest for the Orb.
     0 | D:1      | Reached XP level 1. HP: 13/13 MP: 3/3
   743 | D:1      | Gained mutation: You have sharp toenails. [demonic ancestry]
   743 | D:1      | Reached XP level 2. HP: 12/19 MP: 1/5
  1025 | D:1      | Reached skill level 5 in Necromancy
  1490 | D:2      | Gained mutation: You are partially covered in sharp spines. [demonic ancestry]
  1490 | D:2      | Reached XP level 3. HP: 22/24 MP: 1/6
  1677 | D:2      | Found a runed door.
  1681 | D:2      | Noticed Crazy Yiuf
  1685 | D:2      | Killed Crazy Yiuf
  1685 | D:2      | Reached skill level 6 in Necromancy
  1685 | D:2      | Reached XP level 4. HP: 27/30 MP: 2/7
  1759 | D:2      | Noticed Terence
  1942 | D:3      | Noticed a sky beast
  2133 | D:3      | Killed a sky beast
  2133 | D:3      | Reached skill level 7 in Necromancy
  2133 | D:3      | Reached XP level 5. HP: 8/35 MP: 3/8
  3431 | D:2      | Reached skill level 8 in Necromancy
  3431 | D:2      | Gained mutation: You are mostly covered in sharp spines. [demonic ancestry]
  3431 | D:2      | Reached XP level 6. HP: 28/41 MP: 9/9
  3678 | D:3      | Noticed Nr616's ghost (amateur MiFi)
  4012 | D:3      | Killed Nr616's ghost
  4012 | D:3      | Reached skill level 9 in Necromancy
  4285 | D:4      | Found Ycir's Weapon Shop.
  4285 | D:4      | Found Xuugg's Book Shop.
  4292 | D:4      | Found Feshrojal's Armour Shop.
  4314 | D:4      | Found Anlexoh's Assorted Antiques.
  4579 | D:4      | Found a staircase to the Ecumenical Temple.
  4587 | D:4      | Reached XP level 7. HP: 46/46 MP: 10/10
  4590 | Temple   | Entered the Ecumenical Temple
  4744 | Temple   | Became a worshipper of Kikubaaqudgha
  4853 | D:4      | Noticed Natasha
  4862 | D:4      | Killed Natasha
  4941 | D:4      | Noticed Natasha
  4949 | D:4      | Killed Natasha
  4949 | D:4      | Reached skill level 1 in Fighting
  5125 | D:4      | Noticed Natasha
  5134 | D:4      | Killed Natasha
  5255 | D:4      | Got a crystal long sword
  5256 | D:4      | Identified the +2 long sword of Dofyrobuwi {freeze, rElec rC+ Dex+3} (You found it on level 4 of the Dungeon)
  5627 | D:5      | Entered Level 5 of the Dungeon
  5627 | D:5      | Found Xuin's Antique Armour Shop.
  5635 | D:5      | Found Dengonuw's Armour Boutique.
  5660 | D:5      | Found Rexuz's Distillery.
  5670 | D:5      | Noticed Grinder
  5686 | D:5      | Paralysed by Grinder for 6 turns
  5695 | D:5      | Killed Grinder
  5695 | D:5      | Reached skill level 1 in Long Blades
  6176 | D:5      | Found Ytuitta's Gadget Shoppe.
  6423 | D:5      | Found Ytuproec's Food Shoppe.
  6514 | D:5      | Reached XP level 8. HP: 58/58 MP: 11/11
  6851 | D:6      | Reached * piety under Kikubaaqudgha
  6851 | D:6      | Identified Kikubaaqudgha's Grimoire of Sinister Secrets (Kikubaaqudgha gifted it to you on level 6 of the Dungeon)
  6851 | D:6      | Received a gift from Kikubaaqudgha
  8162 | D:7      | Reached skill level 10 in Necromancy
  8187 | D:7      | Gained mutation: You are partially covered in molten scales. (AC +2) [demonic ancestry]
  8187 | D:7      | Reached XP level 9. HP: 51/66 MP: 12/12
  8208 | D:7      | Noticed Prince Ribbit
  8243 | D:7      | Slain by Prince Ribbit

Skill      XL: |  1  2  3  4  5  6  7  8  9 |
---------------+----------------------------+-----
Necromancy     | 5 6 7 8 9 10 | 10.0
Dodging        | 3 4 |  4.8
Fighting       | 3 4 |  4.8
Long Blades    | 2 3 4 |  4.0
Stealth        | |  1.7
Spellcasting   | |  2.0

Action                   |  1- 3 |  4- 6 |  7- 9 || total
-------------------------+-------+-------+-------++-------
Melee: Spear             |    15 |       |       ||    15
       Short sword       |    13 |       |       ||    13
       Mace              |       |    65 |    26 ||    91
       Kick              |       |     7 |       ||     7
       Long sword        |       |       |   132 ||   132
Throw: Javelin           |       |     2 |       ||     2
 Cast: Pain              |    34 |    43 |     9 ||    86
  Use: Potion            |       |     1 |       ||     1
 Stab: Sleeping          |       |     3 |     6 ||     9
  Eat: Chunk             |     3 |     6 |    12 ||    21
       Ration            |       |     1 |       ||     1
Armor: Robe              |    10 |    26 |    39 ||    75
Dodge: Dodged            |    37 |    43 |   125 ||   205
       Rpst.: Long sword |       |       |    31 ||    31
